cohdb
Replays
Latest Replays
All Replays
Popular Replays
Top Player Replays
Match Explorer
How It Works
Community
CoH3 Stats
Reddit
Sign in to upload your games and track your stats! →
Sign in with Steam
Match 41585431
Unlisted
Match 41585431
Overview
Messages
Build Orders
End
Panzerpioneer Squad
Selects Italian Infantry
250 Light Carrier
Construct Light Support Kompanie
MG34 Team
MG34 Team
Fire Support Elements
Pak 38 Mechanized Group
Assault Grenadier Squad
Selects Defensive Operations
Pak 38 Anti-tank Gun Team
Assault Grenadier Squad
Construct Panzerarmee Kommand
Nuclear Viking
Wagggggggh!哈哈
Zoni
Saxil
expoHyde
yellow291244
0
0
Comments
sign in to comment!
No comments posted yet!